[Event "Live Chess"]
[Site "Chess.com"]
[Date "2024.06.02"]
[Round "-"]
[White "Duke_of_Bebington"]
[Black "TheSmoulderingMaster"]
[Result "1-0"]
[WhiteElo "1628"]
[BlackElo "1751"]
[TimeControl "300"]
[EndTime "17:57:51 PDT"]
[Termination "Duke_of_Bebington won by resignation"]

1. e4 c5 2. Nf3 d6 3. d4 d5 4. exd5 cxd4 5. c4 dxc3 6. Nxc3 Nf6 7. Bc4 Nbd7 8. O-O Nb6 9. Bb3 Bd7 10. Bg5 g6 11.
Bxf6 exf6 12. Re1+ Be7 13. d6 Be6 14. Bxe6 fxe6 15. dxe7 Qxe7 16. Qb3 e5 17. Rad1 Kf8 18. Nd5 Nxd5 19. Rxd5 Kg7 20. Red1 Rad8 21. h3 Qe6 22. Rxd8 Qxb3 23. axb3 1-0

[Event "Live Chess"]
[Site "Chess.com"]
[Date "2024.06.02"]
[Round "-"]
[White "mychess51"]
[Black "Crowded_House"]
[Result "1-0"]
[WhiteElo "1715"]
[BlackElo "1708"]
[TimeControl "300"]
[EndTime "17:58:30 PDT"]
[Termination "mychess51 won by resignation"]

1. d4 e6 2. Nf3 d5 3. g3 Nf6 4.
Bg2 c6 5. O-O Bd6 6. c4 dxc4 7.
Nc3 b5 8. Re1 O-O 9. a3 Nbd7 10.
e4 Bc7 11. e5 Nd5 12. Bg5 Qe8 13. Ne4 Bb7 14. Nh4 Bd8 15. Qd2 Bxg5 16. Qxg5 Qe7 17. Qd2 f5 18. Nd6 Rab8 19. a4 a6 20. axb5 axb5 21.
Ra7 Bc8 22. Qa5 Qd8 23. Qa1 Nc7 24. Bxc6 Rb6 25. Bg2 Ne8 26. Nxc8 Qxc8 27. Qa5 Rb7 28. Bxb7 Qb8 29. Bg2 Qb6 30. Qxb6 Nxb6 31. Rb7 Nc8 32. Rxb5 Nc7 33. Rc5 Rf7 34. Rxc4 Nb6 35. Rc6 Re7 36. Rec1 Ncd5 37. Bxd5 Nxd5 38. Rd6 Kf7 39. Nxf5 exf5 40. Rxd5 Rb7 41. Rc2 Kg6 42. Rdc5 Kg5 43. Kg2 Rb4 44. R5c4 Rb6 45. f4+ Kg6 46. Rc6+ Kh5 47. Rxb6 1-0

[Event "Live Chess"]
[Site "Chess.com"]
[Date "2024.06.02"]
[Round "-"]
[White "MagnersCarlsberg2870"]
[Black "MaksymYurii"]
[Result "1-0"]
[WhiteElo "1768"]
[BlackElo "970"]
[TimeControl "300"]
[EndTime "17:58:37 PDT"]
[Termination "MagnersCarlsberg2870 won by checkmate"]

1. d4 d5 2. e3 Nc6 3. Bd3 Nf6 4. f4 e6 5. c3 a5 6. Nd2 b6 7. Ngf3 Ba6 8. Qe2 Bxd3 9. Qxd3 Be7 10. Qb5 Qd7 11.
O-O Na7 12. Qxd7+ Nxd7 13. Ne5 Nxe5 14. fxe5 c5 15. e4 cxd4 16. cxd4 dxe4 17. Nxe4 Nb5 18. Be3 f6 19. Rac1 fxe5 20. dxe5 Rb8 21. a4 Na7 22. Rc7 Nc8 23. Bxb6 Nxb6 24. Nd6+ Bxd6 25. exd6 Kd8 26. Rff7 Nd5 27. Rcd7+ Ke8 28. Rxg7 Rf8 29. Rxh7 Nf6 30.
Rhe7# 1-0

[Event "Live Chess"]
[Site "Chess.com"]
[Date "2024.06.02"]
[Round "-"]
[White "LanceMaster23"]
[Black "ShanthamGrarks"]
[Result "0-1"]
[WhiteElo "1841"]
[BlackElo "1877"]
[TimeControl "300"]
[EndTime "17:59:51 PDT"]
[Termination "ShanthamGrarks won by checkmate"]

1. Nf3 d5 2. d4 c6 3. Bf4 Nf6 4. e3 Bg4 5. Be2 e6 6. c3 Bd6 7.
Bg3 O-O 8. Nbd2 Bh5 9. O-O Bxg3 10. hxg3 Nbd7 11. Re1 Re8 12. Qb3 Bxf3 13. Bxf3 b6 14. e4 dxe4 15. Nxe4 Nxe4 16. Rxe4 Nf6 17. Re5 Rc8 18.
Rae1 g6 19. Qa4 Qc7 20. g4 Nd5 21. g3 b5 22. Qc2 Nb6 23. b3 a5 24. Qd2 a4 25.
Qh6 axb3 26. axb3 Ra8 27. Be4 Nd5 28. Kg2 Nxc3 29. Rh1 f6 30. Reh5 Nxe4 31. Qxh7+ Qxh7 32. Rxh7 Ng5 33. Rc7 Rac8 34. Rb7 Nf7 35. Ra1 Ra8 36.
Rc1 Ra6 37. f4 Nd6 38. Rd7 Ne4 39. f5 exf5 40. d5 c5 41. Rh1 Ra2+ 42. Kf3 Ng5+ 43. Kf4 Re4# 0-1

[Event "Live Chess"]
[Site "Chess.com"]
[Date "2024.06.02"]
[Round "-"]
[White "PaulyD81"]
[Black "KeithArkell"]
[Result "0-1"]
[WhiteElo "980"]
[BlackElo "2429"]
[TimeControl "300"]
[EndTime "18:00:15 PDT"]
[Termination "KeithArkell won on time"]

1. d4 e6 2. Bf4 Nf6 3. e3 c5 4. c3 cxd4 5. cxd4 Bb4+ 6. Nc3 Nd5 7.
Qc2 Nxf4 8. exf4 Nc6 9. a3 Nxd4 10. Qe4 Bxc3+ 11. bxc3 Nc6 12. Nf3 Qa5 13. Rc1 Qxa3 14.
Qc2 b6 15. Be2 Ba6 16. O-O Bxe2 17. Qxe2 O-O 18. Ne5 Nxe5 19. fxe5 Rfc8 20. Qd3 Rc7 21. Rfd1 Rac8 22. c4 Qxd3 23. Rxd3 Rxc4 24. Rxc4 Rxc4 25. Rd1 g5 26. f3 Rc7 0-1

[Event "Live Chess"]
[Site "Chess.com"]
[Date "2024.06.02"]
[Round "-"]
[White "Thebigsqueeze"]
[Black "nigelst"]
[Result "1-0"]
[WhiteElo "2277"]
[BlackElo "1728"]
[TimeControl "300"]
[EndTime "18:00:46 PDT"]
[Termination "Thebigsqueeze won by resignation"]

1. d4 Nf6 2. c4 e6 3. Nc3 Bb4 4.
e3 Ne4 5. Ne2 d6 6. Qb3 Bxc3+ 7.
Nxc3 Nxc3 8. Qxc3 Nd7 9. Bd3 e5 10. O-O O-O 11. Qc2 g6 12. d5 f5 13. b4 e4 14. Be2 Ne5 15. f4 exf3 16. Bxf3 Nxf3+ 17. Rxf3 Qf6 18. Bb2 Qe7 19. Qc3 Kf7 20. e4 Ke8 21.
exf5 Rxf5 22. Re1 Re5 23. Rxe5 dxe5 24. Re3 e4 25. Qd4 Bf5 26. g4 Qg5 27. h3 h5 28.
Qh8+ Kd7 29. Qg7+ Kc8 30. Qf8+ Kd7 31. Qf7+ Kc8 32. Qe8+ Qd8 33. Qxd8+ Kxd8 34. gxf5 gxf5 35. Be5 Kd7 36. Rg3 Rf8 37. Rg7+ Kd8 38. Bxc7+ Kc8 39.
Bf4 Re8 40. Kf2 e3+ 41. Bxe3 Re4 42. d6 Rxc4 43. d7+ Kd8 44. Bg5+ 1-0

[Event "Live Chess"]
[Site "Chess.com"]
[Date "2024.06.02"]
[Round "-"]
[White "gobbles19"]
[Black "grillage"]
[Result "1-0"]
[WhiteElo "2261"]
[BlackElo "1857"]
[TimeControl "300"]
[EndTime "18:01:33 PDT"]
[Termination "gobbles19 won on time"]

1. e4 d5 2. exd5 Qxd5 3. Nc3 Qd8 4. d4 Nf6 5. Bc4 a6 6. a4 Nc6 7. Nf3 Bg4 8. Be3 e6 9. h3 Bh5 10. O-O Nb4 11. Be2 Bg6 12. Rc1 Bd6 13. Nh4 c6 14. Bf3 Qc7 15. Ne2 Be4 16. c4 O-O 17. Qd2 a5 18. c5 Be7 19. Nc3 Bxf3 20. Nxf3 Rad8 21. Bf4 Qd7 22. Rfd1 Nbd5 23. Nxd5 Nxd5 24. Bg3 Nb4 25. Ne5 Qd5 26. Qe2 Bf6 27. Nc4 Bxd4 28. Nb6 Qb3 29. Bd6 Qxb2 30. Qxb2 Bxb2 31. Rb1 Bf6 32. Bxf8 Kxf8 33.
Nc4 Rd5 34. Nxa5 Nd3 35. Nxb7 Nxc5 36. Rxd5 Nxb7 37. Rd7 Nc5 38. Rb8+ 1-0

[Event "Live Chess"]
[Site "Chess.com"]
[Date "2024.06.02"]
[Round "-"]
[White "Dhaydon19"]
[Black "lyricalschemes"]
[Result "1-0"]
[WhiteElo "2682"]
[BlackElo "2277"]
[TimeControl "300"]
[EndTime "18:01:35 PDT"]
[Termination "Dhaydon19 won by resignation"]

1. g3 h5 2. Bg2 h4 3. Nf3 h3 4. Bf1 d5 5. d4 Nf6 6. Bf4 e6 7. c3 Bd6 8. Nbd2 Bxf4 9. gxf4 c5 10.
e3 Nc6 11. Ne5 Qc7 12. Rg1 g6 13. Qf3 cxd4 14. exd4 Bd7 15. Bxh3 Nh5 16. Bf1 Ne7 17. Bd3 Rf8 18. O-O-O O-O-O 19. Kb1 Kb8 20. Rc1 Nf5 21. Bxf5 exf5 22. Nb3 Bb5 23. Rge1 Nf6 24. Qe3 Ne4 25. f3 Nd6 26. Nc5 Rfe8 27. Qf2 b6 28. a4 bxc5 29.
axb5 c4 30. Nc6+ Kb7 31. Nxd8+ Rxd8 32. Kc2 Nxb5 33. Ra1 Qxf4 34. Re7+ Kb6 35. Qg3 Qxg3 36. hxg3 Nd6 37. Rexa7 Rh8 38. R1a6+ 1-0

[Event "Live Chess"]
[Site "Chess.com"]
[Date "2024.06.02"]
[Round "-"]
[White "RichardABates"]
[Black "CarmelJane"]
[Result "1-0"]
[WhiteElo "2371"]
[BlackElo "2051"]
[TimeControl "300"]
[EndTime "18:01:56 PDT"]
[Termination "RichardABates won by resignation"]

1. d4 Nf6 2. Nf3 g6 3. g3 Bg7 4. Bg2 O-O 5. c4 d5 6. cxd5 Nxd5 7. O-O Bg4 8. Nc3 c6 9. e4 Nc7 10. Be3 Nd7 11. h3 Bxf3 12. Bxf3 Nb6 13. Be2 Ne6 14.
e5 Nd5 15. Nxd5 cxd5 16. Kg2 Qb6 17. Qd2 Rac8 18. Rfc1 a6 19. f4 Rxc1 20. Rxc1 Nc7 21. Bf3 e6 22. a4 a5 23. Rc5 Rc8 24. Qxa5 Qxa5 25. Rxa5 Na6 26. Rb5 Bf8 27. Rxb7 Nb4 28. a5 Nd3 29. Be2 Ne1+ 30. Kf1 Nc2 31. Bf2 Ra8 32. a6 Kg7 33. g4 h5 34. gxh5 gxh5 35.
f5 exf5 36. e6 Kg6 37. Rxf7 f4 38. Bd3+ 1-0

[Event "Live Chess"]
[Site "Chess.com"]
[Date "2024.06.02"]
[Round "-"]
[White "e4evr"]
[Black "NAZRIZ1977"]
[Result "1-0"]
[WhiteElo "2274"]
[BlackElo "2133"]
[TimeControl "300"]
[EndTime "18:02:23 PDT"]
[Termination "e4evr won by resignation"]

1. e4 c5 2. d4 cxd4 3. c3 Nf6 4. e5 Nd5 5. Qxd4 Nb6 6. f4 Nc6 7. Qf2 g6 8. Nf3 d6 9. exd6 Qxd6 10. Be3 Bg7 11.
Na3 O-O 12. Nb5 Qd8 13. Nxa7 Nd5 14. Nxc6 bxc6 15. Bc4 Nf6 16. O-O Rb8 17. Bb3 Qd3 18. Rfd1 Qe4 19. Ng5 Qf5 20. Bd4 h6 21. Nf3 Qxf4 22.
Be5 Ng4 23. Bxf4 Nxf2 24. Bxb8 Nxd1 25. Rxd1 Bg4 26. Bg3 e5 27. Re1 1-0

[Event "Live Chess"]
[Site "Chess.com"]
[Date "2024.06.02"]
[Round "-"]
[White "Queensandpawns"]
[Black "KeithArkell"]
[Result "0-1"]
[WhiteElo "2293"]
[BlackElo "2434"]
[TimeControl "300"]
[EndTime "18:02:36 PDT"]
[Termination "KeithArkell won by resignation"]

1. e4 c6 2. d4 d5 3. Nc3 g6 4. exd5 cxd5 5. h4 h5 6. Bd3 Nf6 7. Be3 Bf5 8. Bxf5 gxf5 9. Nf3 e6 10. Ne5 Nc6 11. Qd3 Nxe5 12. dxe5 Ne4 13. O-O-O Rc8 14. Nxe4 fxe4 15. Qb5+ Qd7 16. Qxd7+ Kxd7 17. Rhe1 b6 18. Bg5 Ke8 19. Bf6 Rg8 20. g3 Be7 21. Bxe7 Kxe7 22. c3 f6 23. Kd2 fxe5 24. Ke3 Rgf8 25. Rg1 Rf3+ 26. Ke2 Rcf8 27. Rdf1 d4 28. cxd4 exd4 29. Rg2 d3+ 30. Kd2 Kd6 31. Re1 Kd5 32.
b3 Rxf2+ 33. Rxf2 Rxf2+ 34. Ke3 Rf3+ 35. Kd2 Kd4 36. Rg1 Rf2+ 0-1

[Event "Live Chess"]
[Site "Chess.com"]
[Date "2024.06.02"]
[Round "-"]
[White "Plato_77"]
[Black "booktrunk"]
[Result "1-0"]
[WhiteElo "1318"]
[BlackElo "1484"]
[TimeControl "300"]
[EndTime "18:02:53 PDT"]
[Termination "Plato_77 won by checkmate"]

1. d4 b6 2. Bf4 Bb7 3. e3 h6 4.
Nf3 e6 5. h3 Nf6 6. Nbd2 Bb4 7.
c3 Be7 8. a4 Nh5 9. Bh2 O-O 10.
Be2 Nf6 11. O-O Nh7 12. a5 Bd6 13. axb6 Bxh2+ 14. Kxh2 cxb6 15. Nc4 Qc7+ 16. g3 d5 17. Nce5 Nd7 18. Nxd7 Qxd7 19. Ne5 Qe7 20. f4 Rfe8 21. Ba6 Bxa6 22. Rxa6 Kh8 23. Qe2 Nf8 24. Rfa1 Rec8 25. Qb5 Ng6 26. Nc6 Qd7 27. Nxa7 Qxb5 28. Nxb5 Rxa6 29.
Rxa6 Rb8 30. Nd6 Kg8 31. Ra7 f6 32. Kg2 e5 33. Rb7 Rd8 34. Rxb6 exd4 35. exd4 Nf8 36. Nf5 Kh7 37. Ne3 Nd7 38. Rb5 Nb8 39. Nxd5 Nc6 40.
Ne3 Kg6 41. f5+ Kg5 42. h4+ Kh5 43. Kh3 g5 44. g4# 1-0

[Event "Live Chess"]
[Site "Chess.com"]
[Date "2024.06.02"]
[Round "-"]
[White "WelshTiger"]
[Black "Tushinskiy"]
[Result "0-1"]
[WhiteElo "2439"]
[BlackElo "2263"]
[TimeControl "300"]
[EndTime "18:03:48 PDT"]
[Termination "Tushinskiy won by resignation"]

1. e4 e5 2. Nf3 d6 3. d4 Bg4 4. dxe5 Nd7 5. exd6 Bxd6 6. Be2 Qe7 7. Nc3 Ngf6 8. h3 Bh5 9. Bg5 O-O-O 10. Qd4 Bc5 11.
Qc4 Bxf3 12. Bxf3 Ne5 13. Qe2 h6 14. Bxf6 Qxf6 15. Nd5 Qg5 16. h4 Qg6 17. O-O-O c6 18. Ne3 Qf6 19. Bg4+ Kc7 20. Bh3 Qxh4 21. Nf5 Qf4+ 22.
Kb1 g6 23. Ng3 Qxf2 24. Qxf2 Bxf2 25. Ne2 Rxd1+ 26. Rxd1 Rd8 27. Rxd8 Kxd8 28. c3 Ke7 29. Kc2 b6 30. Nd4 Kd6 31. Nf3 h5 32. Nxe5 Kxe5 33. Kd3 Kf4 34. Bc8 Kg3 35. Ke2 Kxg2 36. Bb7 Kg3 37.
Bxc6 Bc5 38. e5 Kf4 39. Be8 Kxe5 40. Bxf7 Kf5 41. Kf3 Bd6 42. Be8 Bf4 43. a4 Bc1 44. b3 Bd2 45. c4 Bb4 46. Bd7+ Kg5 47. Be8 Bd6 48. Bf7 Kh6 49. Be6 g5 50. Ke4 g4 51.
Kf5 g3 52. Bd5 h4 53. Bg2 Be7 54. Ke6 Bb4 55. Kd5 Kg5 56. Ke4 Bc5 57. Bh3 Kf6 58.
Bc8 g2 59. Bh3 g1=Q 0-1

[Event "Live Chess"]
[Site "Chess.com"]
[Date "2024.06.02"]
[Round "-"]
[White "Crowded_House"]
[Black "MaksymYurii"]
[Result "1-0"]
[WhiteElo "1708"]
[BlackElo "970"]
[TimeControl "300"]
[EndTime "18:03:52 PDT"]
[Termination "Crowded_House won by checkmate"]

1. d4 e6 2. Nf3 Nc6 3. Bg5 Be7 4. Bxe7 Qxe7 5. e3 Nf6 6. c3 d5 7. Bd3 Bd7 8. Nbd2 e5 9. dxe5 Nxe5 10. Nxe5 Qxe5 11. Nf3 Qd6 12. Qc2 g6 13. h3 O-O-O 14. O-O-O Ne4 15. Bxe4 Qa6 16. Bxd5 Bf5 17. Be4 Qxa2 18.
Bxf5+ gxf5 19. Rxd8+ Rxd8 20. Qb1 Qb3 21. Nd4 Qd5 22. Qxf5+ Kb8 23. Qxd5 Rxd5 24. Rd1 Rg5 25. g3 c5 26. Nf3 Rf5 27. Nd2 Rxf2 28. Ne4 Rf3 29.
Nxc5 Rxe3 30. Rf1 Rxg3 31. Rxf7 Rxh3 32. Ne6 h5 33. Rf8# 1-0

[Event "Live Chess"]
[Site "Chess.com"]
[Date "2024.06.02"]
[Round "-"]
[White "KeithArkell"]
[Black "e4evr"]
[Result "1-0"]
[WhiteElo "2439"]
[BlackElo "2269"]
[TimeControl "300"]
[EndTime "18:04:02 PDT"]
[Termination "KeithArkell won by checkmate"]

1. d4 e6 2. Nf3 b6 3. Bg5 Bb7 4. Bxd8 Kxd8 5. c4 Nf6 6. Nc3 Be7 7. g3 Bf8 8. Bg2 Be7 9. O-O d6 10. Re1 Nbd7 11. e4 h5 12. e5 Ng4 13. h3 Nh6 14. d5 Nf5 15. dxe6 fxe6 16. exd6 Bxd6 17. Ng5 Kc8 18.
Nxe6 Bxg2 19. Kxg2 h4 20. g4 Ne7 21. Nb5 Rh6 22.
Nxd6+ cxd6 23. Qxd6 Rxe6 24. Rxe6 a5 25. Rxe7 Rb8 26. Qc6+ Kd8 27. Qxd7# 1-0

[Event "Live Chess"]
[Site "Chess.com"]
[Date "2024.06.02"]
[Round "-"]
[White "Frankie_Badacsonyi"]
[Black "CheckThis4"]
[Result "1/2-1/2"]
[WhiteElo "2416"]
[BlackElo "2687"]
[TimeControl "300"]
[EndTime "18:04:07 PDT"]
[Termination "Game drawn by agreement"]

1. d4 Nf6 2. c4 g6 3. Nc3 d5 4. cxd5 Nxd5 5. Bd2 Bg7 6. e4 Nb6 7. Be3 Nc6 8. Nf3 Bg4 9. d5 Ne5 10. Be2 Bxf3 11. gxf3 O-O 12. Qb3 c6 13. Rd1 cxd5 14.
Nxd5 Nxd5 15. Rxd5 Qc8 16. h4 e6 17. Rd1 Rd8 18.
O-O Qc7 19. Kg2 h6 20. Rxd8+ Rxd8 21. Rd1 b6 22. f4 Nd7 23. h5 gxh5 24. Bxh5 Nc5 25.
Rxd8+ Qxd8 26. Qc2 Bd4 27. Qd2 Bf6 28. Qxd8+ Bxd8 29.
Kf3 Kg7 30. e5 f5 31. exf6+ Bxf6 32. b3 Nd3 33. Ke2 Nb4 34. a4 Nd5 35. Bd2 Bd4 36. Bf3 Kf6 37. f5 Kxf5 38. Bxh6 Bc5 39. Bxd5 exd5 40.
f3 Ke5 41. Kd3 1/2-1/2

[Event "Live Chess"]
[Site "Chess.com"]
[Date "2024.06.02"]
[Round "-"]
[White "Queensandpawns"]
[Black "Plato_77"]
[Result "1-0"]
[WhiteElo "2293"]
[BlackElo "1318"]
[TimeControl "300"]
[EndTime "18:04:23 PDT"]
[Termination "Queensandpawns won by resignation"]

1. e4 e6 2. d4 d5 3. Nd2 c5 4.
exd5 Qxd5 5. dxc5 Bxc5 6. Ngf3 Nc6 7. Bd3 Nf6 8. O-O O-O 9. Re1 Nb4 10. Ne4 Nxd3 11.
cxd3 Nxe4 12. dxe4 Qxd1 13. Rxd1 b6 14. a3 Bb7 15. b4 Be7 16. Rd7 1-0

[Event "Live Chess"]
[Site "Chess.com"]
[Date "2024.06.02"]
[Round "-"]
[White "TheSmoulderingMaster"]
[Black "StoreySniper"]
[Result "0-1"]
[WhiteElo "1751"]
[BlackElo "2509"]
[TimeControl "300"]
[EndTime "18:04:44 PDT"]
[Termination "StoreySniper won by resignation"]

1. e4 g6 2. d4 Bg7 3. Nc3 c5 4. Nf3 Qa5 5. Bd2 cxd4 6. Nd5 Qd8 7.
Bc4 Nc6 8. O-O e6 9. Nb4 Nge7 10. Re1 O-O 11. e5 d5 12. exd6 Qxd6 13. Nd3 e5 14. Ng5 h6 15. Ne4 Qc7 16. c3 Kh7 17. Bb3 f5 18. Nec5 e4 19. Bf4 Qb6 20. Na4 Qa5 21. Ndc5 b5 22. Be6 bxa4 23. Bxc8 Qxc5 24. Bd7 d3 25. Be3 Qd6 26. Bxc6 Nxc6 27. h4 Ne5 28. h5 Ng4 29. hxg6+ Kxg6 30. g3 a3 31. bxa3 Bxc3 32. Rc1 Bxe1 33. Qxe1 Rac8 34. Rb1 Ne5 35. Bxa7 Nf3+ 0-1

[Event "Live Chess"]
[Site "Chess.com"]
[Date "2024.06.02"]
[Round "-"]
[White "oscalik"]
[Black "stevochess11"]
[Result "1-0"]
[WhiteElo "2285"]
[BlackElo "1691"]
[TimeControl "300"]
[EndTime "18:05:46 PDT"]
[Termination "oscalik won by checkmate"]

1. e4 c5 2. Nc3 g6 3. f4 Nc6 4. Nf3 Bg7 5. Bc4 Nf6 6. O-O O-O 7. d3 d6 8. Qe1 Bg4 9. Qh4 Bxf3 10. Rxf3 Nd4 11. Rh3 Nxc2 12. e5 dxe5 13. Nd5 h5 14. f5 Nxd5 15. fxg6 fxg6 16. Qe4 Rf4 17. Bxd5+ Kh7 18. Rxh5+ Bh6 19. Bxf4 exf4 20. Rf1 Ne3 21. Bf7 Qd6 22. Rxf4 Kg7 23. Rxh6 Kxh6 24. Qxe3 g5 25. Rf5 Qd4 26. Qxd4 cxd4 27. Bd5 Rc8 28. Bb3 Rc1+ 29. Kf2 a6 30. a4 Rb1 31. Kg3 Rxb2 32. Bc4 Rb4 33. a5 Rb2 34. Re5 Rb4 35. Re6+ Kh5 36.
Rxe7 g4 37. Bd5 Rb5 38. Bxb7 Rxa5 39. Kf4 Ra2 40. Be4 Rf2+ 41. Ke5 Kg5 42. Kxd4 a5 43. Ke3 Rf8 44. Re5+ Kh6 45. Rxa5 Rf6 46. h3 gxh3 47.
gxh3 Rf8 48. d4 Rd8 49. d5 Kg5 50. Kd4 Kh4 51. Ra6 Kxh3 52. d6 Kg4 53. Kd5 Kf4 54. Bg6 Kg5 55. Bf7 Kf6 56. Be6 Rb8 57. Bd7 Rd8 58. Bc6 Rb8 59. Ra2 Rd8 60. Rf2+ Kg5 61. Ke6 Kg6 62. Ke7 Rh8 63. d7 Rh7+ 64. Kd6 Rh8 65. Kc7 Kg5 66. d8=Q+ Rxd8 67. Kxd8 Kg4 68. Ke7 Kg3 69. Rf6 Kg4 70. Ke6 Kg3 71. Bd5 Kg4 72. Ke5 Kg3 73. Rf5 Kg4 74. Be4 Kg3 75. Kd4 Kg4 76.
Ke3 Kg3 77. Rf4 Kh3 78. Bf5+ Kg2 79. Ke4 Kg3 80. Ke3 Kg2 81. Rf3 Kg1 82. Rf2 Kh1 83. Kf3 Kg1 84. Bh3 Kh1 85. Kg3 Kg1 86. Rf1# 1-0

[Event "Live Chess"]
[Site "Chess.com"]
[Date "2024.06.02"]
[Round "-"]
[White "NAZRIZ1977"]
[Black "gobbles19"]
[Result "0-1"]
[WhiteElo "2128"]
[BlackElo "2267"]
[TimeControl "300"]
[EndTime "18:06:10 PDT"]
[Termination "gobbles19 won by resignation"]

1. d4 Nf6 2. Nf3 e6 3. e3 c5 4.
Nbd2 Nc6 5. c3 Be7 6. Bd3 O-O 7. O-O b6 8. Qe2 Bb7 9. Re1 d6 10. e4 cxd4 11. cxd4 Nb4 12. Bb1 Rc8 13. a3 Nc2 14. Bxc2 Rxc2 15. Qd3 Qc8 16. e5 Ba6 17. Qe3 dxe5 18.
dxe5 Nd5 19. Qe4 Bb7 20. Qg4 Qc5 21. Ne4 Qc7 22. Bh6 g6 23. Bxf8 Bxf8 24. Rac1 Rxc1 0-1

[Event "Live Chess"]
[Site "Chess.com"]
[Date "2024.06.02"]
[Round "-"]
[White "MagnersCarlsberg2870"]
[Black "mychess51"]
[Result "1-0"]
[WhiteElo "1775"]
[BlackElo "1689"]
[TimeControl "300"]
[EndTime "18:06:18 PDT"]
[Termination "MagnersCarlsberg2870 won by checkmate"]

1. d4 e6 2. Nd2 d5 3. e3 Nf6 4.
Bd3 Be7 5. Ngf3 c5 6. c3 Nc6 7. Qe2 c4 8. Bc2 b5 9. O-O a5 10. e4 O-O 11. e5 Nd7 12. Re1 f6 13. Nf1 f5 14. Ng3 a4 15. Nh5 b4 16. Nf4 Nb6 17.
Nh3 a3 18. bxa3 bxc3 19. Nhg5 Bxa3 20. Bxa3 Rxa3 21. Nh3 Bd7 22. Nfg5 Nxd4 23. Qh5 h6 24. Qg6 hxg5 25. Nxg5 Qxg5 26. Qxg5 Nxc2 27. Rec1 Nxa1 28. Rxa1 Re8 29. h4 Ra7 30. h5 Ba4 31. h6 c2 32. Qg6 Ree7 33. g3 d4 34. Kg2 d3 35.
Rh1 Bc6+ 36. f3 d2 37. hxg7 Bxf3+ 38. Kf2 d1=Q 39. Rh8# 1-0

[Event "Live Chess"]
[Site "Chess.com"]
[Date "2024.06.02"]
[Round "-"]
[White "NeilDruggan73"]
[Black "Cruiseylee78"]
[Result "1-0"]
[WhiteElo "1776"]
[BlackElo "1667"]
[TimeControl "300"]
[EndTime "18:06:20 PDT"]
[Termination "NeilDruggan73 won on time"]

1. d4 d6 2. Bg5 Nd7 3. e4 h6 4. Bh4 Ngf6 5. Nc3 e5 6. Nf3 c6 7. Bd3 Be7 8. h3 Qc7 9. Qd2 Nf8 10. O-O-O b5 11. d5 cxd5 12. Bxf6 Bxf6 13. Nxd5 Qc6 14.
Qb4 Bd7 15. h4 a5 16. Qd2 Ne6 17. Nxf6+ gxf6 18. g3 Nd4 19. Nxd4 exd4 20. Qf4 Rc8 21.
Qxf6 Rg8 22. Qxh6 Qc5 23. Rhe1 Ke7 24. Qd2 b4 25. b3 a4 26. Bc4 axb3 27. Bxb3 Be6 28.
Qxd4 Bxb3 29. Qxc5 dxc5 30. axb3 c4 31. bxc4 Rxc4 32. Rd3 Rgc8 33. Re2 Kf6 34. Kb2 Kg6 35. g4 Kf6 36. f4 Re8 37. Rd6+ Kg7 38. e5 Rxf4 39. e6 fxe6 40. Rdxe6 Re7 41. Rxe7+ Kg8 42. R2e4 Rf2 43. Rxb4 1-0

[Event "Live Chess"]
[Site "Chess.com"]
[Date "2024.06.02"]
[Round "-"]
[White "Harry_Li"]
[Black "ACM42"]
[Result "1-0"]
[WhiteElo "2119"]
[BlackElo "2161"]
[TimeControl "300"]
[EndTime "18:07:28 PDT"]
[Termination "Harry_Li won by checkmate"]

1. Nf3 g6 2. d4 Bg7 3. c4 Nf6 4. Nc3 O-O 5. e4 d6 6. Be2 Nbd7 7. O-O c5 8. d5 a6 9. a4 b6 10. h3 Ne5 11. Nd2 Ne8 12. f4 Nd7 13.
Nf3 Qc7 14. Bd3 e5 15. f5 f6 16. g4 g5 17. h4 h6 18. hxg5 hxg5 19. Kf2 Kf7 20. Rh1 Rh8 21. Rxh8 Bxh8 22. Qh1 Bg7 23. Qh5+ Ke7 24. Bxg5 fxg5 25. Nxg5 Ndf6 26. Qh4 Kd8 27. Kf3 Qe7 28. Rh1 Ra7 29. Ne6+ Bxe6 30. dxe6 Nc7 31. g5 Nxe6 32. fxe6 Ne8 33. Qg4 Nc7 34. Nd5 Qxe6 35. Nxb6 Qxg4+ 36. Kxg4 Rb7 37. a5 Ne6 38.
Kf5 Ke7 39. Rh7 Kf7 40. g6+ Kg8 41. Kxe6 Rb8 42. Kxd6 Rd8+ 43. Nd7 Re8 44. Nxc5 Rb8 45. Ne6 Bf6 46. g7 Bxg7 47. Rxg7+ Kh8 48. Rf7 Rxb2 49. Kxe5 Rg2 50. Nf4 Rg1 51. Rf5 Kg8 52. c5 Rc1 53. Kd6 Rd1 54. c6 Rxd3+ 55. Nxd3 Kg7 56.
c7 Kg6 57. Re5 Kf6 58. c8=Q Kg7 59. Qd7+ Kg6 60. Re6+ Kg5 61. Qe7+ Kg4 62. Rf6 Kg3 63. Qg7+ Kh2 64. Rh6# 1-0

[Event "Live Chess"]
[Site "Chess.com"]
[Date "2024.06.02"]
[Round "-"]
[White "StoreySniper"]
[Black "Plato_77"]
[Result "1-0"]
[WhiteElo "2509"]
[BlackElo "1318"]
[TimeControl "300"]
[EndTime "18:07:34 PDT"]
[Termination "StoreySniper won by resignation"]

1. e4 e6 2. d4 d5 3. Nd2 c5 4. exd5 Qxd5 5. Ngf3 Nc6 6. Bc4 Qd8 7. Qe2 cxd4 8. Nb3 Bb4+ 9. c3 dxc3 10. O-O Nge7 11. Ng5 O-O 12. bxc3 Bxc3 13. Qc2 Ng6 14. Qxc3 a6 15. Bb2 Qf6 16. Qxf6 gxf6 17. Ne4 b5 18. Nxf6+ 1-0

[Event "Live Chess"]
[Site "Chess.com"]
[Date "2024.06.02"]
[Round "-"]
[White "Frankie_Badacsonyi"]
[Black "KeithArkell"]
[Result "0-1"]
[WhiteElo "2409"]
[BlackElo "2446"]
[TimeControl "300"]
[EndTime "18:08:21 PDT"]
[Termination "KeithArkell won by resignation"]

1. d4 e6 2. c4 Bb4+ 3. Bd2 Bxd2+ 4.
Qxd2 Nf6 5. Nf3 d6 6. g3 Qe7 7.
Bg2 e5 8. O-O O-O 9. Nc3 Re8 10.
Rad1 e4 11. Ne1 e3 12. fxe3 Qxe3+ 13. Qxe3 Rxe3 14. Nc2 Re8 15. e4 c6 16. Rde1 Nbd7 17.
Ne3 g6 18. b3 Kg7 19. h3 a5 20. Kh2 c5 21. dxc5 Nxc5 22. Rxf6 Kxf6 23. Ned5+ Kg7 24. Nc7 Be6 25. Nxa8 Rxa8 26. Rd1 Rd8 27. Nb5 Kf6 28. Nxd6 Rd7 29. Rd2 Ke5 30. Nxb7 Nxb7 31. Rf2 Nc5 0-1

[Event "Live Chess"]
[Site "Chess.com"]
[Date "2024.06.02"]
[Round "-"]
[White "Tushinskiy"]
[Black "Crowded_House"]
[Result "1-0"]
[WhiteElo "2264"]
[BlackElo "1707"]
[TimeControl "300"]
[EndTime "18:08:41 PDT"]
[Termination "Tushinskiy won by checkmate"]

1. d4 e6 2. c3 d5 3. Nf3 c5 4. Bf4 Nc6 5. e3 Bd6 6. Bg3 Nf6 7. Bd3 Qc7 8. dxc5 Bxg3 9. hxg3 h6 10. Nbd2 b6 11. cxb6 Qxb6 12. Qc2 Ba6 13. b3 Bxd3 14. Qxd3 O-O 15. O-O Qc7 16. Rac1 Ne5 17. Nxe5 Qxe5 18.
Nf3 Qe4 19. Qxe4 Nxe4 20. Rfd1 Rfc8 21. c4 dxc4 22. bxc4 Rc7 23. Rd4 Nf6 24. Ne5 Rac8 25. Rcd1 Rc5 26. f4 Ra5 27. R1d2 Kf8 28. Kf2 Ke8 29. Kf3 Rac5 30. g4 Ng8 31. Rd7 R8c7 32. Rd8+ Ke7 33. Rxg8 g6 34. Rdd8 h5 35. g5 f6 36.
Rge8# 1-0

[Event "Live Chess"]
[Site "Chess.com"]
[Date "2024.06.02"]
[Round "-"]
[White "MaksymYurii"]
[Black "WelshTiger"]
[Result "0-1"]
[WhiteElo "970"]
[BlackElo "2439"]
[TimeControl "300"]
[EndTime "18:09:05 PDT"]
[Termination "WelshTiger won by checkmate"]

1. e4 c5 2. Nf3 d6 3. Bc4 e6 4. d4 cxd4 5. Nxd4 Nf6 6. O-O Be7 7. Bb5+ Nbd7 8. Re1 a6 9. Bxd7+ Bxd7 10. e5 dxe5 11.
Rxe5 O-O 12. Bh6 gxh6 13. Qf3 Bc6 14. Nxc6 bxc6 15. Nc3 Qd4 16. Qg3+ Qg4 17. Qe3 Nd5 18. Nxd5 cxd5 19. Rd1 Bf6 20. Rd4 Qg6 21. Qf3 Bxe5 22. Rg4 Rac8 23. Rxg6+ hxg6 24. h3 Rxc2 25. Qa3 Rc1# 0-1